 Dungeon Crawl Stone Soup version 0.28-a0-1616-g050a50673c (webtiles) character file.

Game seed: 7310479818499155426

30 mcsnuffy the Sneak (level 3, -3/18 HPs)
             Began as a Vine Stalker Brigand on Jan 22, 2022.
             Killed from afar by Jessica (5 damage)
             ... with a puff of flame
             ... on level 2 of the Dungeon.
             The game lasted 00:02:08 (922 turns).

mcsnuffy the Sneak (Vine Stalker Brigand)            Turns: 922, Time: 00:02:08

Health: -3/18      AC:  3    Str: 15    XL:     3   Next: 18%
Magic:  0/4        EV: 11    Int: 11    God:
Gold:   91         SH:  0    Dex: 15    Spells: 2/2 levels left

rFire   . . .      SeeInvis .   a - +2 dagger
rCold   . . .      Faith    .   (no shield)
rNeg    . . .      Spirit   +   b - +0 robe
rPois   .          Reflect  .   (no helmet)
rElec   .          Harm     .   c - +0 cloak
rCorr   .          Rampage  .   (no gloves)
Will    .....                   (no boots)
Stlth   +++.......              (no amulet)
HPRegen 0.06/turn               (no ring)
MPRegen 0.09/turn               (no ring)

@: no status effects
A: fangs 2, magic shield, antimagic bite, no potion heal 2
a: no special abilities


You were on level 2 of the Dungeon.
You visited 1 branch of the dungeon, and saw 2 of its levels.

You collected 91 gold pieces.


Innate Abilities, Weirdness & Mutations

You have extremely sharp teeth.
When hurt, damage is shared between your health and your magic reserves.
Your bite disrupts and absorbs the magic of your enemies.
Potions cannot restore your health.


   Skills:
 - Level 1.7 Fighting
 + Level 3.1 Short Blades
 - Level 1.7 Throwing
 - Level 0.7 Dodging
 + Level 5.0 Stealth


You had 2 spell levels left.
You didn't know any spells.
Your spell library was empty.

Inventory:

Hand Weapons
 a - a +2 dagger (weapon)
Missiles
 d - 8 poisoned darts (quivered)
 e - 2 curare-tipped darts {=f}
Armour
 b - a +0 robe (worn)
 c - a +0 cloak (worn)
Scrolls
 f - a scroll of amnesia {unknown}
 g - a scroll of identify {unknown}
 h - a scroll of silence {unknown}
Potions
 i - 2 potions of degeneration {unknown}
 j - a potion of heal wounds {unknown}
 k - a potion of curing {unknown}

Dungeon Overview and Level Annotations

Branches:
Dungeon (2/15)

Altars:

Annotations:
D:2 Jessica

..# ####.# #....#
#.#..# ###### #.#..#
######....# #.#..#
....##.##.###.#..#####
....................>#
#...##..#.....##@#####
#...###.########'#####
#.......# #........#
#..####### #........#
#......... #...@.w..#
##.####### #........#
.......# #........#
##.###.# #........#
..# ##......[$?


You could see a worm and Jessica.


Message History

Unknown command.
You see here a frilled lizard corpse.
There is an open door here.
An endoplasm comes into view.
Jessica shouts!
The endoplasm quivers.
Found a robe.
Jessica gestures wildly while chanting.
Jessica blinks!
A worm comes into view.
There is an open door here.
You see here a frilled lizard corpse.
You hit the endoplasm. You bite the endoplasm.
You kill the endoplasm!
You see here a frilled lizard corpse.
There is an open door here.
k - a bubbling sapphire potion
Found a scroll labelled UTOKHLO SUXEICW.
Found a scroll labelled BEITZI DOLIO.
Jessica gestures wildly while chanting.
Jessica blinks!
You hit the worm.
The worm is moderately wounded.
The worm bites you!
Jessica zaps a wand.
The puff of flame hits you!
Ouch! That really hurt!
* * * LOW HITPOINT WARNING * * *
There is an open door here.
Jessica zaps a wand.
The puff of flame hits you.
You die...

Skill      XL: |  1  2  3 |
---------------+----------+-----
Short Blades   | 2 3 |  3.1
Stealth        | 5 |  5.0
Fighting       | |  1.7
Throwing       | |  1.7
Dodging        | |  0.7

Action                   || total
-------------------------++-------
Melee: Dagger            ||    44
       Bite              ||     9
       Punch             ||     2
 Stab: Sleeping          ||    12
Armor: Robe              ||     3
Dodge: Dodged            ||    12

Levels and vault maps discovered:
D:1:      zelgadis_glass_arrival_small, layout_loops_cross,
          hellmonk_ecumenical_altar_run_dry
D:2:      layout_basic, uniq_jessica

Notes
Turn   | Place    | Note
-------+----------+-------------------------------------------
     0 | D:1      | mcsnuffy the Vine Stalker Brigand began the quest for the
                  | Orb.
     0 | D:1      | Reached XP level 1. HP: 11/11 MP: 2/2
    29 | D:1      | Reached skill level 2 in Short Blades
   153 | D:1      | Reached XP level 2. HP: 15/15 MP: 3/3
   460 | D:1      | Found a faded altar of an unknown god.
   578 | D:1      | Reached skill level 3 in Short Blades
   793 | D:2      | Reached XP level 3. HP: 17/18 MP: 4/4
   871 | D:2      | Noticed Jessica
   879 | D:2      | Reached skill level 5 in Stealth
   922 | D:2      | Killed from afar by Jessica

Vanquished Creatures
  A dart slug (D:1)
  5 endoplasms
  2 giant cockroaches
  4 hobgoblins (D:1)
  A kobold (D:2)
  A quokka (D:2)
  3 ball pythons (D:1)
  3 frilled lizards
  5 rats (D:1)
25 creatures vanquished.

Table legend: (Time is in decaauts)
 A = Elapsed time spent in this place.
 B = Non-inter-level travel time spent in this place.
 C = Inter-level travel time spent in this place.
 D = Time resting spent in this place.
 E = Time spent auto-exploring this place.
 F = Levels seen in this place.
 G = Mean time per level.
                   A        B        C        D        E       F      G
               +--------+--------+--------+--------+--------+-----+--------+
         Total |    915 |    887 |     28 |      0 |    681 |   2 |  457.5 |
       Dungeon |    915 |    887 |     28 |      0 |    681 |   2 |  457.5 |
               +--------+--------+--------+--------+--------+-----+--------+

Top non-repeatable levels by time:
     D:1: 677 daAuts
     D:2: 237 daAuts

Table legend:
 A = Non-vault XP
 B = Vault XP
 C = Vault XP percentage of total XP
 D = Non-vault monster count
 E = Vault monster count
 F = Vault count percentage of total count
                 A         B        C        D         E       F
            +---------+---------+-------+---------+---------+-------
      Total |      43 |       0 |   0.0 |      25 |       0 |   0.0
            +---------+---------+-------+---------+---------+-------
        D:1 |      30 |       0 |   0.0 |      18 |       0 |   0.0
        D:2 |      13 |       0 |   0.0 |       7 |       0 |   0.0
            +---------+---------+-------+---------+---------+-------
